 Dungeon Crawl Stone Soup version 0.19.4-8-ga85b6b9 (console) character file.

122630 itsmu the Quickloader (level 16, -4/80 HPs)
             Began as a Vine Stalker Arcane Marksman on Feb 10, 2017.
             Was the Champion of Okawaru.
             Slain by a black mamba (9 damage)
             ... on level 1 of the Snake Pit on Feb 11, 2017.
             The game lasted 02:23:56 (31369 turns).

itsmu the Quickloader (VSAM)                       Turns: 31369, Time: 02:23:58

Health: -4/80      AC: 23    Str: 15    XL:     16   Next: 88%
Magic:  0/35       EV:  6    Int: 18    God:    Okawaru [******]
Gold:   1763       SH:  6    Dex: 17    Spells: 6 memorised, 17 levels left

rFire  + . .     SeeInvis .     a - +3 arbalest (flame)
rCold  . . .     Gourm    .     g - +1 shadow dragon scales
rNeg   . . .     Faith    .     (shield currently unavailable)
rPois  x         Spirit   +     L - +1 helmet
rElec  .         Reflect  +     (no cloak)
rCorr  .         Harm     .     c - +2 pair of gloves {archery}
MR     ++...                    I - +2 pair of boots
Stlth  ++++++....               u - amulet "Moddol" {Reflect Dex+2 SH+6}
                                C - ring of magical power
                                k - ring of protection from fire

@: lethally poisoned (-4 -> -58), poison vulnerable, constricted
A: fangs 3, regeneration 2, magic shield, antimagic bite, no device heal 3, rot
immunity
a: Heroism, Finesse, Renounce Religion


You were on level 1 of the Snake Pit.
You worshipped Okawaru.
Okawaru was exalted by your worship.
You were hungry.

You visited 6 branches of the dungeon, and saw 26 of its levels.
You also visited: Ossuary.

You collected 2570 gold pieces.
You spent 807 gold pieces at shops.

Inventory:

Hand Weapons
 a - a +3 arbalest of flaming (weapon)
   (Okawaru gifted it to you on level 2 of the Lair of Beasts)
 b - the +9 great sword of Lies {flame, Str+3}
   (Okawaru gifted it to you on level 11 of the Dungeon)

   It has been specially enchanted to burn those struck by it, causing extra
   injury to most foes and up to half again as much damage against particularly
   susceptible opponents.
   Big, fiery blades are also staple armaments of hydra-hunters.
   It affects your strength (+3).
 e - a +0 blowgun
   (You took it off a kobold on level 9 of the Dungeon)
 w - a +2 dagger of freezing
   (You found it on level 1 of the Dungeon)
 O - the +4 falchion of Defiance {drain, rElec rPois Str+5 Dex-5 Stlth-}
   (You found it on level 13 of the Dungeon)

   A truly terrible weapon, it drains the life of those it strikes.
   It affects your strength (+5).
   It affects your dexterity (-5).
   It insulates you from electricity.
   It protects you from poison.
   It makes you less stealthy.
Missiles
 d - 231 bolts (quivered)
 J - 8 curare-tipped needles
Armour
 c - a +2 pair of gloves of archery (worn)
   (Okawaru gifted it to you on level 6 of the Lair of Beasts)
 g - +1 shadow dragon scales (worn)
   (You found it on level 1 of the Dungeon)
 I - a +2 pair of boots (worn)
   (You found it on level 12 of the Dungeon)
 L - a +1 helmet (worn)
   (You found it on level 6 of the Lair of Beasts)
Jewellery
 h - an uncursed ring of teleportation
   (You found it on level 2 of the Lair of Beasts)
 k - a ring of protection from fire (left hand)
   (You took it off a centaur on level 13 of the Dungeon)
 s - an uncursed ring of protection from cold
   (You found it on level 1 of the Shoals)
 u - the amulet "Moddol" (around neck) {Reflect Dex+2 SH+6}
   (You acquired it on level 1 of the Lair of Beasts)

   [amulet of reflection]

   It shields you and reflects attacks.
   It affects your dexterity (+2).
   It affects your SH (+6).
 C - a ring of magical power (right hand)
   (You found it on level 1 of the Lair of Beasts)
 K - an uncursed amulet of regeneration
   (You found it on level 7 of the Dungeon)
Wands
 G - a wand of lightning (6/15)
   (You found it on level 5 of the Lair of Beasts)
 H - a wand of flame (19/48)
   (You found it on level 5 of the Lair of Beasts)
 N - a wand of paralysis (10/24)
   (You found it on level 6 of the Lair of Beasts)
 W - a wand of paralysis (10/24)
   (You found it on level 6 of the Lair of Beasts)
 X - a wand of disintegration (2/24)
   (You found it on level 4 of the Lair of Beasts)
Scrolls
 j - 3 scrolls of magic mapping
 p - 2 scrolls of remove curse
 t - 9 scrolls of teleportation
 x - 3 scrolls of identify
 y - a scroll of fog
 z - 3 scrolls of immolation
Potions
 l - 4 potions of curing
 m - 2 potions of resistance
 q - 6 potions of flight
 r - 5 potions of brilliance
 v - 2 potions of cancellation
 A - 2 potions of ambrosia
 B - 2 potions of magic
 R - a potion of might
 Z - a potion of agility
Comestibles
 f - 15 bread rations
 n - 7 beef jerkies


   Skills:
 - Level 7.3 Fighting
 - Level 7.1(10.8) Short Blades
 + Level 12.7(13.3) Long Blades
 + Level 14.2 Crossbows
 - Level 8.4 Armour
 - Level 4.7 Dodging
 - Level 11.9 Stealth
 - Level 6.5 Spellcasting
 - Level 10.4 Hexes


You had 17 spell levels left.
You knew the following spells:

 Your Spells              Type           Power        Failure   Level  Hunger
a - Corona                Hex            #####..      1%          1    None
b - Slow                  Hex            #####...     3%          2    None
c - Animate Skeleton      Necr           N/A          98%         1    None
d - Gell's Gravitas       Hex/Tloc       ###.......   67%         3    ##.....
B - Blink                 Tloc           N/A          99%         2    None
O - Repel Missiles        Chrm/Air       #.....       99%         2    None


Dungeon Overview and Level Annotations

Branches:
Dungeon (15/15)            Temple (1/1) D:6            Lair (6/6) D:11
 Shoals (1/4) Lair:2        Snake (1/4) Lair:4        Slime (0/5) Lair:5
    Orc (2/2) D:11            Elf (0/3) Orc:2        Vaults (0/5) D:13
 Depths (0/5) D:15

Altars:
Ashenzari
Cheibriados
Dithmenos
Elyvilon
Gozag
Hepliaklqana
Makhleb
Okawaru
Qazlal
Sif Muna
Trog
Uskayaw
Vehumet
Xom
Zin
The Shining One

Shops:
D:13 (   Orc:2 (!}*

Portals:
Trove: D:15 (give 20 scrolls of identify)

Annotations:
D:8 exclusions: statue and upstairs
D:9 exclusion: ice statue
D:12 Frances
Lair:4 exclusion: oklob plant
Shoals:1 exclusion: kraken


Innate Abilities, Weirdness & Mutations

You have razor-sharp teeth.
You heal very quickly.
When hurt, damage is shared between your health and your magic reserves.
Your bite disrupts and absorbs the magic of your enemies.
Potions and wands cannot restore your health.
You are immune to rotting.


Message History

The black mamba bites you but does no damage.
The anaconda bites you but does no damage.
* * * LOW HITPOINT WARNING * * *
The anaconda constricts you.
Firing (i - inventory):
d - 232 bolts (quivered)
Press: ? - help, Shift-Dir - straight line, f/p - anaconda
Aim: an anaconda (almost dead, constricting you)
You shoot a bolt. The bolt hits the anaconda.
The bolt burns the anaconda.
The anaconda is almost dead.
* * * LOW HITPOINT WARNING * * *
You feel very sick. You block the black mamba's attack.
The black mamba bites you.
* * * LOW HITPOINT WARNING * * *
You are more poisoned.
The black mamba poisons you!
The anaconda bites you but does no damage.
The anaconda constricts you. The black mamba bites you!
* * * LOW HITPOINT WARNING * * *
The black mamba bites you!
You die...

.........................
..........(..............
...........(.............
............(............
........................[
.)...........(.......(.(.
....................(....
...............SSS.(.....
................M(.......
#########################


You could see an anaconda and 2 black mambas.

Vanquished Creatures
  Kirke (D:15)
  A dire elephant (Lair:6)
  Snorg (Lair:5)
  3 merfolk impalers (Shoals:1)
  A fire dragon (D:15)
  Josephine (D:9)
  Fannar (D:11)
  8 hydras
  2 merfolk avatars (Shoals:1)
  2 catoblepae
  4 centaur warriors
  5 naga sharpshooters (Snake:1)
  4 ogre magi (Orc:2)
  A deep troll shaman (Lair:6)
  5 death yaks (Lair:6)
  Urug (D:12)
  2 shock serpents (Snake:1)
  3 skeletal warriors
  2 wizards
  3 unseen horrors
  5 hill giants
  A naga ritualist (Snake:1)
  A necromancer (D:15)
  2 orc knights
  11 harpies
  4 mana vipers
  A wolf spider zombie (D:14)
  7 deep elf magi
  3 cyclopes
  2 fauns (Shoals:1)
  2 oklob plants (Lair:5)
  A salamander (Snake:1)
  3 manticores
  2 ugly things
  6 sirens
  12 elephants
  Maurice (D:12)
  9 black mambas
  Joseph (D:9)
  3 torpor snails
  15 spiny frogs
  2 rime drakes
  8 komodo dragons
  A freezing wraith (D:13)
  A tengu conjurer (D:11)
  14 trolls
  5 merfolk
  A polar bear (Lair:5)
  2 hornets
  20 blink frogs
  A slime creature (shapeshifter) (D:13)
  8 slime creatures
  A wolf spider simulacrum (D:15)
  13 dream sheep
  16 two-headed ogres
  12 hippogriffs
  A snapping turtle (Shoals:1)
  Sigmund (D:3)
  A shadow (D:15)
  A vampire (D:13)
  2 water elementals
  45 yaks
  5 wraiths
  5 wyverns
  6 basilisks
  A hungry ghost (D:10)
  4 hogs (D:7)
  Grum (D:7)
  2 humans
  10 vampire mosquitoes
  A mottled dragon (D:11)
  A soldier ant (D:13)
  6 nagas (Snake:1)
  2 wargs
  Duvessa (D:7)
  16 water moccasins
  10 porcupines
  13 orc warriors
  13 ice beasts
  4 sky beasts
  A hornet zombie (D:14)
  8 black bears
  14 centaurs
  28 ogres
  3 phantoms
  21 wolves
  16 crocodiles
  6 big kobolds
  20 bullfrogs
  Dowan (D:7)
  A water moccasin skeleton (D:7)
  A wyvern skeleton (D:9)
  12 scorpions
  7 killer bees
  8 wights
  4 howler monkeys
  6 crimson imps
  6 centaur zombies
  3 hounds
  4 jellies
  A quasit (D:5)
  A bullfrog zombie (D:12)
  2 human zombies (Ossuary)
  A wyvern simulacrum (D:12)
  2 bullfrog skeletons
  9 orc priests
  17 orc wizards
  8 centaur skeletons
  Jessica (D:3)
  10 iguanas
  Ijyb (D:3)
  Natasha (thrice) (D:3)
  Terence (D:3)
  14 worker ants
  2 hell rats (Lair:5)
  A big kobold zombie (Ossuary)
  A bullfrog simulacrum (D:12)
  2 hound skeletons
  2 mummies (Ossuary)
  7 gnolls
  3 scorpion zombies (Ossuary)
  11 adders
  6 river rats (Lair:5)
  2 shadow imps
  3 white imps (D:12)
  An ufetubus (D:12)
  2 oozes (D:2)
  A worm (D:2)
  3 dart slugs
  8 leopard geckos
  65 orcs
  A ball python (D:2)
  3 bats
  5 giant cockroaches
  7 hobgoblins
  4 jackals
  33 kobolds
  9 quokkas
  2 frilled lizards
  3 gnoll zombies (Ossuary)
  2 goblins (D:2)
  A goblin zombie (Ossuary)
  4 hobgoblin zombies (Ossuary)
  A leopard gecko skeleton (D:8)
  A leopard gecko zombie (D:5)
  4 orc zombies (Ossuary)
  A quokka skeleton (D:5)
  A quokka zombie (D:8)
  7 rats
  A fungus (D:11)
  A plant (Lair:6)
  A withered plant (D:15)
853 creatures vanquished.

Vanquished Creatures (others)
  An orc sorcerer (D:15)
  A hippogriff (D:10)
  4 humans (D:15)
  A centaur (D:14)
  A mummy (Ossuary)
  10 fungi
  6 plants
24 creatures vanquished.

Grand Total: 877 creatures vanquished

Notes
Turn   | Place    | Note
-------+----------+-------------------------------------------
     0 | D:1      | itsmu the Vine Stalker Arcane Marksman began the quest for the Orb.
     0 | D:1      | Reached XP level 1. HP: 9/9 MP: 3/3
   206 | D:1      | Reached XP level 2. HP: 9/14 MP: 2/4
   239 | D:1      | Reached skill level 2 in Crossbows
   249 | D:1      | Reached skill level 1 in Stealth
   699 | D:1      | Reached skill level 1 in Fighting
   845 | D:2      | Reached XP level 3. HP: 18/18 MP: 5/5
   995 | D:2      | Reached skill level 1 in Armour
  1039 | D:2      | Found a burning altar of Makhleb.
  1042 | D:2      | Found a bloodstained altar of Trog.
  1142 | D:2      | Gained mutation: Your natural rate of healing is unusually fast. [Vine Stalker growth]
  1142 | D:2      | Reached XP level 4. HP: 22/22 MP: 5/7
  1450 | D:3      | Noticed Jessica
  1451 | D:3      | Found a glowing golden altar of the Shining One.
  1464 | D:3      | Killed Jessica
  1568 | D:3      | Noticed Sigmund
  1694 | D:3      | Reached XP level 5. HP: 25/25 MP: 8/8
  1772 | D:4      | Reached skill level 1 in Short Blades
  1826 | D:4      | Found a white marble altar of Elyvilon.
  1897 | D:4      | Found a shadowy altar of Dithmenos.
  1897 | D:4      | Noticed a phantom
  1916 | D:4      | Found a sand-covered staircase.
  1921 | Ossuary  | Entered an ossuary
  1976 | Ossuary  | Reached XP level 6. HP: 16/30 MP: 8/10
  2218 | Ossuary  | Reached XP level 7. HP: 34/34 MP: 11/11
  2268 | Ossuary  | Reached skill level 3 in Crossbows
  2775 | D:4      | Gained mutation: You have razor-sharp teeth. [Vine Stalker growth]
  2775 | D:4      | Reached XP level 8. HP: 35/39 MP: 10/12
  3222 | D:4      | Reached skill level 5 in Stealth
  3381 | D:4      | Reached skill level 5 in Hexes
  3421 | D:5      | Entered Level 5 of the Dungeon
  4018 | D:5      | Got a pair of spiked gloves
  4024 | D:5      | Identified the +0 pair of gloves "Onoemur" {rC+ rN+} (You found it on level 5 of the Dungeon)
  4376 | D:5      | Found an opulent altar of Gozag.
  4517 | D:6      | Reached skill level 4 in Crossbows
  4644 | D:6      | Found a stormy altar of Qazlal.
  4677 | D:6      | Found a staircase to the Ecumenical Temple.
  4723 | Temple   | Entered the Ecumenical Temple
  4730 | Temple   | Became a worshipper of Warmaster Okawaru
  5009 | D:6      | Reached XP level 9. HP: 32/43 MP: 14/14
  5328 | D:7      | Reached * piety under Okawaru
  5537 | D:7      | Noticed Duvessa
  5577 | D:7      | Noticed Dowan
  5612 | D:7      | hm
  5716 | D:6      | oh i can't heal
  5764 | D:7      | Noticed a rust devil
  5765 | D:7      | erm ok
  5767 | D:7      | Noticed a rust devil
  5791 | D:8      | Noticed a hill giant
  5857 | D:7      | Learned a level 2 spell: Slow
  5906 | D:7      | Reached skill level 5 in Crossbows
  5921 | D:7      | Reached ** piety under Okawaru
  6115 | D:7      | Killed Duvessa
  6121 | D:7      | Killed Dowan
  6206 | D:7      | Found a snail-covered altar of Cheibriados.
  6232 | D:7      | Reached XP level 10. HP: 42/49 MP: 12/16
  6641 | D:8      | Noticed a green ugly thing
  6673 | D:8      | Killed a green ugly thing
  6790 | D:8      | Found a radiant altar of Vehumet.
  6818 | D:8      | Reached skill level 5 in Short Blades
  7047 | D:8      | Killed a hill giant
  7047 | D:8      | Reached *** piety under Okawaru
  7085 | D:8      | Found a shadowy altar of Dithmenos.
  7095 | D:8      | Noticed Grum
  7193 | D:7      | Killed Grum
  7193 | D:7      | Reached skill level 5 in Armour
  7259 | D:8      | Got a slimy ring mail
  7265 | D:8      | Found a faded altar of an unknown god.
  7265 | D:8      | Found a faded altar of an unknown god.
  7275 | D:8      | Found a faded altar of an unknown god.
  7277 | D:8      | Found a faded altar of an unknown god.
  7278 | D:8      | Found a hide-covered altar of Uskayaw.
  7675 | D:3      | Noticed Terence
  7680 | D:3      | Received a gift from Okawaru
  7686 | D:3      | Killed Terence
  7772 | D:3      | Noticed Ijyb
  7776 | D:3      | Paralysed by Ijyb for 4 turns
  7786 | D:3      | Killed Ijyb
  8060 | D:3      | Killed Sigmund
  8084 | D:3      | Noticed Natasha
  8095 | D:3      | Killed Natasha
  8204 | D:3      | Noticed Natasha
  8210 | D:3      | Killed Natasha
  8229 | D:3      | Found a glowing golden altar of the Shining One.
  8241 | D:3      | Noticed Natasha
  8252 | D:3      | Killed Natasha
  8595 | D:3      | Identified the +4 ring mail of a wizard's laboratory {rN++ Str-2} (You found it on level 8 of the Dungeon)
  8861 | D:9      | Noticed Joseph
  8888 | D:9      | Killed Joseph
  8888 | D:9      | Reached **** piety under Okawaru
  8888 | D:9      | Reached skill level 6 in Crossbows
  9178 | D:9      | Reached XP level 11. HP: 38/53 MP: 15/18
  9327 | D:9      | Found a hazy altar of Hepliaklqana.
  9626 | D:9      | Found a deep blue altar of Sif Muna.
  9771 | D:10     | Entered Level 10 of the Dungeon
  9879 | D:10     | Noticed Josephine
 10047 | D:9      | Killed Josephine
 10047 | D:9      | Received a gift from Okawaru
 10047 | D:9      | Reached skill level 1 in Long Blades
 10590 | D:10     | Reached ***** piety under Okawaru
 11149 | D:10     | Got a smoking leather armour
 11173 | D:10     | Identified the cursed +0 leather armour of the Duke {Str+2} (You found it on level 10 of the Dungeon)
 11345 | D:11     | Received a gift from Okawaru
 11422 | D:11     | Found a staircase to the Lair.
 11514 | D:11     | hm
 11723 | D:11     | Noticed a white ugly thing
 11748 | D:10     | Killed a white ugly thing
 11850 | D:10     | Reached skill level 10 in Stealth
 11985 | D:11     | Reached skill level 7 in Crossbows
 12079 | D:11     | Received a gift from Okawaru
 12291 | D:11     | Found a staircase to the Orcish Mines.
 12396 | D:11     | Noticed Fannar
 12489 | D:11     | Killed Fannar
 12489 | D:11     | Received a gift from Okawaru
 12489 | D:11     | Received a gift from Okawaru
 12489 | D:11     | Gained mutation: You heal very quickly. [Vine Stalker growth]
 12489 | D:11     | Reached XP level 12. HP: 30/58 MP: 18/20
 12496 | D:11     | Got an encrusted great sword {god gift}
 13025 | Lair:1   | Entered Level 1 of the Lair of Beasts
 13133 | Lair:1   | Reached skill level 5 in Spellcasting
 13578 | Lair:1   | Reached skill level 5 in Fighting
 13632 | Lair:1   | Noticed an eight-headed hydra
 13961 | Lair:1   | Found a snail-covered altar of Cheibriados.
 14236 | Lair:2   | Noticed a six-headed hydra
 14244 | Lair:2   | Killed a six-headed hydra
 14244 | Lair:2   | Received a gift from Okawaru
 14270 | Lair:2   | Killed an eight-headed hydra
 14520 | Lair:2   | Reached skill level 8 in Crossbows
 14528 | Lair:2   | Reached ****** piety under Okawaru
 14935 | Lair:2   | Received a gift from Okawaru
 14950 | Lair:2   | Found a staircase to the Shoals.
 15093 | Lair:2   | Noticed a seven-headed hydra
 15152 | Lair:2   | Killed a seven-headed hydra
 15152 | Lair:2   | Received a gift from Okawaru
 15152 | Lair:2   | Reached XP level 13. HP: 37/63 MP: 17/22
 15947 | Lair:3   | Reached skill level 9 in Crossbows
 15982 | Lair:3   | Found a runed door.
 16764 | Lair:4   | Received a gift from Okawaru
 16823 | Lair:4   | Found a staircase to the Snake Pit.
 17190 | Lair:4   | Reached skill level 10 in Crossbows
 17836 | Lair:5   | Got an encrusted glaive
 18225 | Lair:5   | Found a staircase to the Slime Pits.
 18657 | Lair:5   | Noticed Snorg
 18674 | Lair:5   | Killed Snorg
 18724 | Lair:5   | Reached XP level 14. HP: 70/70 MP: 23/23
 19096 | Lair:6   | Entered Level 6 of the Lair of Beasts
 19362 | Lair:5   | Reached skill level 10 in Hexes
 19431 | Lair:6   | Received a gift from Okawaru
 20397 | Lair:6   | Reached skill level 11 in Crossbows
 21279 | Lair:6   | Received a gift from Okawaru
 21643 | Lair:6   | Reached skill level 5 in Long Blades
 21851 | Lair:6   | Received a gift from Okawaru
 22175 | Lair:6   | Noticed a dire elephant
 22469 | Lair:6   | Killed a dire elephant
 22469 | Lair:6   | Reached skill level 12 in Crossbows
 22476 | Lair:6   | Reached XP level 15. HP: 42/75 MP: 15/25
 22648 | Lair:6   | Got an ichor-stained plate armour
 22835 | Lair:1   | Identified a scroll of acquirement
 22836 | Lair:1   | Got a transparent tin amulet
 22847 | Lair:1   | Identified the +4 plate armour of the Cuttlefish {Dex+4} (You found it on level 6 of the Lair of Beasts)
 22879 | Lair:1   | Identified the +11 glaive of Waemusigh {chop, rF+ rN+ Dex-5} (You found it on level 5 of the Lair of Beasts)
 22880 | Lair:1   | hm
 22883 | Lair:1   | Identified the +9 great sword of Lies {flame, Str+3} (Okawaru gifted it to you on level 11 of the Dungeon)
 22884 | Lair:1   | hmmmmmmmm
 22999 | Orc:1    | Entered Level 1 of the Orcish Mines
 23182 | Orc:2    | Entered Level 2 of the Orcish Mines
 23369 | Orc:2    | Found a staircase to the Elven Halls.
 23858 | Orc:2    | Found Myggomap's Distillery.
 23858 | Orc:2    | Found Gubiokhlaniu's General Store.
 23860 | Orc:2    | Found Puebyp's Antique Weapon Boutique.
 23860 | Orc:2    | Found Eskudaabi's Gadget Emporium.
 23884 | Orc:2    | Bought a scroll of enchant weapon for 105 gold pieces
 23885 | Orc:2    | Bought a potion of agility for 52 gold pieces
 23885 | Orc:2    | Bought a potion of invisibility for 104 gold pieces
 23885 | Orc:2    | Bought a potion of haste for 130 gold pieces
 23885 | Orc:2    | Bought a potion of flight for 39 gold pieces
 23885 | Orc:2    | Bought a potion of haste for 130 gold pieces
 23885 | Orc:2    | Bought a potion of cancellation for 104 gold pieces
 23885 | Orc:2    | Bought a potion of curing for 39 gold pieces
 23885 | Orc:2    | Bought a potion of cancellation for 104 gold pieces
 24553 | D:12     | huh
 24665 | D:12     | Noticed Urug
 24672 | D:12     | Received a gift from Okawaru
 24684 | D:12     | Killed Urug
 24785 | D:12     | Noticed Frances
 24796 | D:12     | um
 24798 | D:12     | HP: 3/75 [Frances/war axe of electrocution (10)]
 24801 | D:12     | im dead arent i
 24804 | D:12     | yep
 24814 | D:12     | are you kidding me
 24965 | D:12     | Noticed Maurice
 24973 | D:12     | Killed Maurice
 25774 | D:13     | Got a transparent falchion
 25780 | D:13     | Identified the +4 falchion of Defiance {drain, rElec rPois Str+5 Dex-5 Stlth-} (You found it on level 13 of the Dungeon)
 25807 | D:13     | Found a gate to the Vaults.
 26082 | D:13     | Reached skill level 13 in Crossbows
 26099 | D:13     | Found Maothoet's Weapon Shoppe.
 26505 | Snake:1  | Entered Level 1 of the Snake Pit
 26667 | Shoals:1 | Entered Level 1 of the Shoals
 26790 | Shoals:1 | Identified the amulet "Moddol" {Reflect Dex+2 SH+6} (You acquired it on level 1 of the Lair of Beasts)
 26901 | Shoals:1 | Noticed a kraken
 27422 | Shoals:1 | Reached XP level 16. HP: 47/80 MP: 17/26
 27682 | Lair:1   | Learned a level 2 spell: Repel Missiles
 27685 | Lair:1   | Learned a level 2 spell: Blink
 27687 | Lair:1   | Learned a level 1 spell: Animate Skeleton
 27691 | Lair:1   | Learned a level 3 spell: Gell's Gravitas
 27849 | D:13     | Received a gift from Okawaru
 27981 | D:13     | Received a gift from Okawaru
 28058 | D:13     | Reached skill level 10 in Long Blades
 28313 | D:14     | Found a shattered altar of Ashenzari.
 28335 | D:14     | Received a gift from Okawaru
 28458 | D:13     | Received a gift from Okawaru
 28461 | D:13     | Got a faintly glowing plate armour {god gift}
 28473 | D:13     | Identified the +1 plate armour of Disguise {Int+2} (Okawaru gifted it to you on level 13 of the Dungeon)
 29157 | D:15     | Entered Level 15 of the Dungeon
 29538 | D:15     | Found a staircase to the Depths.
 29606 | D:15     | Found a portal to a secret trove of treasure.
 29647 | D:15     | Noticed Kirke
 29659 | D:15     | Killed Kirke
 30319 | D:15     | Got a blackened long sword
 30325 | D:15     | funny vault
 30339 | D:15     | Identified the +1 long sword of Plunder {freeze, *Slow rF+ Str+4 Int+2} (You found it on level 15 of the Dungeon)
 30651 | Snake:1  | Reached skill level 14 in Crossbows
 30985 | Snake:1  | Got an ancient chain mail
 31018 | Lair:4   | Identified the +7 chain mail of the Scribe {Dex+2} (You found it on level 1 of the Snake Pit)
 31188 | Snake:1  | Received a gift from Okawaru
 31369 | Snake:1  | Slain by a black mamba

Skill      XL: |  1  2  3  4  5  6  7  8  9 10 11 12 13 14 15 16 |
---------------+-------------------------------------------------+-----
Crossbows      | 2 3 4 5 6 7 8 10 12 13 14 | 14.2
Stealth        | 1 2 3 4 6 7 8 10 11 | 11.9
Fighting       | 1 2 3 4 5 6 7 |  7.3
Armour         | 1 2 3 4 5 6 7 8 |  8.4
Short Blades   | 1 2 3 4 5 6 7 |  7.1
Hexes          | 4 5 6 7 8 9 10 | 10.4
Spellcasting   | 2 3 4 5 6 |  6.5
Dodging        | 2 3 4 |  4.7
Long Blades    | 2 3 5 9 12 | 12.7

Action                   |  1- 3 |  4- 6 |  7- 9 | 10-12 | 13-15 | 16-18 || total
-------------------------+-------+-------+-------+-------+-------+-------++-------
Melee: Short sword       |    86 |   211 |   404 |   925 |   514 |       ||  2140
       Bite              |    19 |    60 |   133 |   477 |   397 |   110 ||  1196
       Dagger            |       |       |    48 |   424 |   319 |    12 ||   803
       Falchion          |       |       |       |       |    23 |       ||    23
       Great sword       |       |       |       |       |   291 |   267 ||   558
 Fire: Hand crossbow     |    26 |       |    88 |   130 |       |       ||   244
       Blowgun           |       |       |       |     1 |     2 |       ||     3
       Arbalest          |       |       |       |       |   679 |   123 ||   802
Throw: Javelin           |       |     2 |       |     2 |       |       ||     4
 Cast: Corona            |       |       |       |     3 |     3 |     2 ||     8
       Slow              |       |       |       |       |    14 |       ||    14
Evoke: Wand              |       |       |       |    16 |    15 |       ||    31
  Use: Scroll            |       |     6 |    12 |    12 |    11 |     2 ||    43
       Potion            |       |       |     4 |    11 |    11 |       ||    26
 Stab: Sleeping          |       |    13 |    19 |    27 |    23 |    21 ||   103
       Distracted        |       |       |       |     5 |     3 |     1 ||     9
       Paralysed         |       |       |       |     3 |     2 |       ||     5
       Invisible         |       |       |       |       |     3 |       ||     3
  Eat: Chunk             |     1 |     3 |    12 |    25 |    31 |    10 ||    82
       Beef jerky        |       |       |     1 |       |       |       ||     1
       Fruit             |       |       |       |     1 |       |     1 ||     2
       Royal jelly       |       |       |       |     1 |       |       ||     1
       Pizza             |       |       |       |     1 |     1 |     1 ||     3
       Bread ration      |       |       |       |       |     1 |       ||     1
       Meat ration       |       |       |       |       |     1 |       ||     1
Armor: Shadow dragon sca |    56 |    98 |   192 |   544 |   965 |   261 ||  2116
       Skin              |       |       |    40 |       |       |       ||    40
Dodge: Dodged            |    25 |    42 |   114 |   356 |   736 |   163 ||  1436
Block: Other             |       |       |       |       |    38 |   104 ||   142
       Reflection        |       |       |       |       |       |     8 ||     8
       Rpst.: Falchion   |       |       |       |       |     3 |       ||     3
       Great sword       |       |       |       |       |    35 |    27 ||    62
